 Dungeon Crawl Stone Soup version 0.17-a0-1910-g4c791fa (webtiles) character file.

140 kae the Chopper (level 5, -1/45 HPs)
             Began as a Hill Orc Fighter on Sept 25, 2015.
             Slain by Edmund
             ... wielding a +2 flail of holy wrath
              (8 damage)
             ... on level 4 of the Dungeon.
             The game lasted 00:01:48 (2392 turns).

kae the Chopper (Hill Orc Fighter)                  Turns: 2392, Time: 00:01:49

Health: -1/45      AC:  6    Str: 19    XL:     5   Next: 23%
Magic:  5/5        EV:  7    Int:  8    God:
Gold:   69         SH:  9    Dex: 11    Spells: 0 memorised, 4 levels left

rFire  . . .     SeeInvis .     a - +0 war axe
rCold  . . .     Clarity  .     b - +0 scale mail
rNeg   . . .     SustAt   .     c - +0 shield
rPois  .         Gourm    .     (no helmet)
rElec  .         Spirit   .     (no cloak)
rCorr  .         Warding  .     (no gloves)
rMut   .         Stasis   .     (no boots)
MR     .....                    (no amulet)
Stlth  ..........               (no ring)
                                (no ring)

@: not resistant to hostile enchantments, extremely unstealthy
A: no striking features
a: no special abilities


You were on level 4 of the Dungeon.
You were very hungry.

You visited 1 branch of the dungeon, and saw 4 of its levels.

You collected 69 gold pieces.

Inventory:

Hand weapons
 a - a +0 war axe (weapon)
Armour
 b - a +0 scale mail (worn)
 c - a +0 shield (worn)
Jewellery
 n - an uncursed ring of flight {unknown}
 p - an uncursed amulet of stasis {unknown}
Scrolls
 f - 2 scrolls of enchant weapon {unknown}
 i - a scroll of fog {unknown}
 j - a scroll of remove curse
 m - a scroll of fear {unknown}
 o - a scroll of teleportation {unknown}
Potions
 d - 3 potions of might
 h - 2 potions of curing
 k - 2 potions of ambrosia {unknown}
Comestibles
 e - 5 bread rations
 g - 5 fruits
 l - a meat ration
 q - a beef jerky


   Skills:
 - Level 3.6 Fighting
 + Level 6.9 Axes
 - Level 3.2 Armour
 - Level 3.2 Shields


You had 4 spell levels left.
You didn't know any spells.

Dungeon Overview and Level Annotations

Branches:
Dungeon (4/15)
 Temple: D:4-7

Altars:

Annotations:
D:4 Edmund; Pikel; kae's ghost, average HOFi


Message History

Edmund hits you with a flail of holy wrath.
You closely miss Edmund.
Edmund is almost dead.
You block Edmund's attack.
You hit Edmund.
Edmund is almost dead.
You block Edmund's attack.
You hit Edmund.
Edmund is almost dead.
Edmund hits you with a flail of holy wrath!
* * * LOW HITPOINT WARNING * * *
You are too injured to fight recklessly!
You are too injured to fight recklessly!
You are too injured to fight recklessly!
You are too injured to fight recklessly!
You are too injured to fight recklessly!
You hit Edmund but do no damage.
Edmund is almost dead.
Edmund hits you with a flail of holy wrath!
You die...

... ### ..
..###. #..
..#... ..
....$. ##.#
....# .####
#.. ....#
....##@#
....#
#..#@#
....# #...#
....# ###.#
....# ##.#
..?.# ##..#
.?.## #.<.#
..##
#.....# #.#
#.......#
.#
#..........


You could see Edmund.

Vanquished Creatures
  2 slaves (D:3)
  4 gnolls (D:3)
  3 adders
  2 worms (D:2)
  8 giant geckos
  3 orcs (D:3)
  2 ball pythons
  4 goblins (D:1)
  7 hobgoblins
  A quokka (D:2)
  5 bats
  A giant gecko skeleton (D:4)
  10 giant newts
  5 kobolds
  6 rats
63 creatures vanquished.

Vanquished Creatures (others)
  A giant cockroach (D:1)
  A goblin (D:1)
  A kobold (D:1)
3 creatures vanquished.

Grand Total: 66 creatures vanquished

Notes
Turn   | Place    | Note
--------------------------------------------------------------
     0 | D:1      | kae the Hill Orc Fighter began the quest for the Orb.
     0 | D:1      | Reached XP level 1. HP: 19/19 MP: 1/1
   151 | D:1      | Reached XP level 2. HP: 26/26 MP: 2/2
   204 | D:1      | Reached skill level 4 in Axes
   387 | D:1      | Reached XP level 3. HP: 21/31 MP: 3/3
   507 | D:1      | Reached skill level 5 in Axes
   918 | D:2      | Reached XP level 4. HP: 15/39 MP: 4/4
  1362 | D:2      | Reached skill level 6 in Axes
  1554 | D:3      | Reached XP level 5. HP: 40/45 MP: 5/5
  2127 | D:4      | Noticed a slave
  2128 | D:4      | Noticed a slave
  2129 | D:4      | Noticed Pikel
  2130 | D:4      | Noticed a slave
  2130 | D:4      | Noticed a slave
  2135 | D:4      | Noticed kae's ghost (average HOFi)
  2145 | D:3      | Killed a slave
  2150 | D:3      | Killed a slave
  2370 | D:4      | Noticed Edmund
  2392 | D:4      | Slain by Edmund

Vault maps used:
D:1:      lemuel_arrival_tunnels, lemuel_flame_loot_1
D:2:      first_bread
D:3:      grunt_ministairs_12, serial_park_tiny_pond
D:4:      temple_hall, uniq_pikel, uniq_edmund

Action                   |  1- 3 |  4- 6 || total
-------------------------+-------+-------++-------
Melee: War axe           |   124 |   122 ||   246
  Use: Scroll            |     1 |     2 ||     3
  Eat: Chunk             |       |     2 ||     2
       Fruit             |       |     2 ||     2
